 Dungeon Crawl Stone Soup version 0.31-a0-214-gb37851dbb3 (webtiles) character file.

Game seed: 15784514057830897585

70 qw the Chopper (level 4, -3/28 HPs)
             Began as a Gargoyle Fighter on July 1, 2023.
             Slain by an iguana (11 damage)
             ... on level 3 of the Dungeon.
             The game lasted 00:00:47 (1286 turns).

qw the Chopper (Gargoyle Fighter)                   Turns: 1286, Time: 00:00:47

Health: -3/28      AC: 14    Str: 22    XL:     4   Next: 21%
Magic:  4/4        EV:  9    Int:  8    God:
Gold:   93         SH:  4    Dex:  9    Spells: 3/3 levels left

rFire   . . .        Y - +0 war axe
rCold   . . .        c - +0 buckler
rNeg    + . .        b - +0 scale mail
rPois   inf          (no helmet)
rElec   +            (no cloak)
rCorr   .            h - +0 pair of gloves
SInv    .            f - +2 pair of boots
Will    .....        g - amulet of the acrobat Stlth
                     (no ring)
HPRegen 0.24/turn    (no ring)
MPRegen 0.09/turn

%: acrobat
@: no status effects
A: sickness immunity, AC +3, negative energy resistance 1, electricity
resistance, torment resistance 1, petrification resistance
a: no special abilities


You were on level 3 of the Dungeon.
You visited 1 branch of the dungeon, and saw 3 of its levels.

You collected 93 gold pieces.


Innate Abilities, Weirdness & Mutations

You are immune to sickness and miasma.
Your stone body is resilient. (AC +3)
You are immune to poison.
You resist negative energy. (rN+)
You are resistant to electric shocks. (rElec)
You are resistant to unholy torment.
You are immune to petrification.


   Skills:
 - Level 3.2 Fighting
 + Level 4.0 Axes
 - Level 3.2 Armour
 - Level 3.2 Shields


You had 3 spell levels left.
You didn't know any spells.
Your spell library was empty.

Inventory:

Hand Weapons
 i - a +0 flail
 Y - a +0 war axe (weapon)
Armour
 b - a +0 scale mail (worn)
 c - a +0 buckler (worn)
 f - a +2 pair of boots (worn)
 h - a +0 pair of gloves (worn)
Jewellery
 g - an amulet of the acrobat (around neck)
Scrolls
 a - a scroll of identify {unknown}
Potions
 d - a potion of might
 e - 3 potions of haste
 j - a potion of curing {unknown}
 k - a potion of berserk rage {unknown}

Dungeon Overview and Level Annotations

Branches:
Dungeon (3/15)

Altars:


Message History

Found a viscous orange potion.
The hobgoblin shouts!
Enter note: You closely miss the hobgoblin.
The hobgoblin barely misses you. The hobgoblin closely misses you.
You slash the hobgoblin!
You kill the hobgoblin!
Your Axes skill increases to level 4!
You now have 93 gold pieces (gained 17).
k - a viscous orange potion
Enter note:
Found a book of Vapours.
Enter note: An iguana comes into view.
Enter note:
1274 ||| Stepping ~*~*~tactically~*~*~ (stealth).
The iguana hisses angrily.
You hit the iguana but do no damage. The iguana bites you.
You closely miss the iguana. The iguana bites you. x2
You hit the iguana.
The iguana is moderately wounded.
The iguana bites you.
You hit the iguana but do no damage.
The iguana is moderately wounded.
The iguana bites you but does no damage.
You barely miss the iguana.
The iguana is moderately wounded.
The iguana barely misses you.
You closely miss the iguana.
The iguana is moderately wounded.
The iguana completely misses you. The iguana bites you!
You barely miss the iguana.
The iguana is lightly wounded.
You block the iguana's attack.
You hit the iguana but do no damage.
The iguana is lightly wounded.
The iguana bites you. The iguana bites you!
You die...

.. ##.# #....#....
#.....## #....'...#
#..##...###....##.#.
#.........#....#..'.
.....###.#....#..#. # #.
#..........#..#.
##.#.##.###.#%...#..#.
..#...........#.####....
......l@.#....#.........
...#...#.#.##.#.###.....
.:...###.#.##.#.# #.....
...# #.#.##.#.# ..
....##.### . #.####.#
#.# .# #.# ...


You could see an iguana.

Vanquished Creatures
  4 adders
  A worm (D:2)
  2 dart slugs
  3 endoplasms (D:1)
  A giant cockroach (D:1)
  2 goblins
  4 hobgoblins
  2 quokkas (D:2)
  2 ball pythons
  2 bats
  3 frilled lizards
  4 rats
30 creatures vanquished.

Notes
Turn   | Place    | Note
-------+----------+-------------------------------------------
     0 | D:1      | qw the Gargoyle Fighter began the quest for the Orb.
     0 | D:1      | Reached XP level 1. HP: 14/14 MP: 1/1
     0 | D:1      | 0 ||| qw: Version: 0.3-a-32-g5962c71
     0 | D:1      | 0 ||| qw: Game counter: 7447
     0 | D:1      | 0 ||| qw: Melee chars always use a shield: true
     0 | D:1      | 0 ||| qw: God list: Okawaru
     0 | D:1      | 0 ||| qw: Allow faded altars: false
     0 | D:1      | 0 ||| qw: Do Orc after clearing Dungeon:15 true
     0 | D:1      | 0 ||| qw: Do second Lair branch before Depths: true
     0 | D:1      | 0 ||| qw: Lair rune preference: random
     0 | D:1      | 0 ||| qw: Goals: Normal, Zot:1-4, Slime:5, God:TSO, Crypt,
                  | Tomb, Abyss, Pan, Hells, Win
     0 | D:1      | 0 ||| PLANNING D:1-11
    82 | D:1      | Reached skill level 2 in Axes
   158 | D:1      | Reached XP level 2. HP: 19/19 MP: 2/2
   713 | D:1      | 713 ||| UPGRADING to +0 pair of gloves.
   718 | D:1      | 718 ||| UPGRADING to amulet of the acrobat.
   789 | D:2      | 789 ||| FLEEEEING.
   790 | D:2      | 790 ||| FLEEEEING.
   791 | D:2      | 791 ||| FLEEEEING.
   806 | D:2      | Reached skill level 3 in Axes
   806 | D:2      | Reached XP level 3. HP: 23/23 MP: 3/3
   806 | D:2      | 806 ||| Stepping ~*~*~tactically~*~*~ (stealth).
   807 | D:2      | 807 ||| Stepping ~*~*~tactically~*~*~ (stealth).
   869 | D:2      | 869 ||| DROPPING +0 club.
   911 | D:2      | 911 ||| Stepping ~*~*~tactically~*~*~ (hiding).
  1145 | D:2      | 1145 ||| UPGRADING to +2 pair of boots.
  1150 | D:2      | 1150 ||| DROPPING +0 pair of boots.
  1151 | D:2      | 1151 ||| READING scroll labelled WUUMEA XEAMEV.
  1152 | D:2      | 1152 ||| DRINKING 4 cyan potions.
  1205 | D:3      | 1205 ||| DROPPING +0 mace.
  1220 | D:3      | Reached XP level 4. HP: 28/28 MP: 4/4
  1237 | D:3      | 1237 ||| Stepping ~*~*~tactically~*~*~ (stealth).
  1243 | D:3      | 1243 ||| Stepping ~*~*~tactically~*~*~ (stealth).
  1266 | D:3      | Reached skill level 4 in Axes
  1274 | D:3      | 1274 ||| Stepping ~*~*~tactically~*~*~ (stealth).
  1286 | D:3      | Slain by an iguana

Levels and vault maps discovered:
D:1:      mrwooster_arrival_statue_3, layout_basic
D:2:      layout_rooms
D:3:      layout_basic, ebering_ecumenical_altar_petrified, uniq_sigmund

Skill      XL: |  1  2  3  4 |
---------------+-------------+-----
Axes           | 2 3 4 |  4.0
Fighting       | |  3.2
Armour         | |  3.2
Shields        | |  3.2

Action                     |  1- 3 |  4- 6 || total
---------------------------+-------+-------++-------
  Melee: War axe           |   110 |    20 ||   130
    Use: Scroll            |     1 |       ||     1
         Potion            |     1 |       ||     1
 Armour: Scale mail        |    63 |     6 ||    69
  Dodge: Dodged            |    54 |     8 ||    62
  Block: Buckler           |    10 |     6 ||    16

Table legend:
 A = Non-vault XP
 B = Vault XP
 C = Vault XP percentage of total XP
 D = Non-vault monster count
 E = Vault monster count
 F = Vault count percentage of total count
                 A         B        C        D         E       F
            +---------+---------+-------+---------+---------+-------
      Total |     100 |       0 |   0.0 |      30 |       0 |   0.0
            +---------+---------+-------+---------+---------+-------
        D:1 |      24 |       0 |   0.0 |      14 |       0 |   0.0
        D:2 |      45 |       0 |   0.0 |      10 |       0 |   0.0
        D:3 |      31 |       0 |   0.0 |       6 |       0 |   0.0
            +---------+---------+-------+---------+---------+-------
